Map: Dusk Towers

Players

Paco - Winner!

  • Race: Terran Terran
  • League: Master

xKawaiian

  • Race: Terran Terran
  • League: Master

VOD

Have the link to the VOD?

Description

Time

  • Played on: Jan. 15, 2016, 11:25 p.m.
  • Length: 4:36
Show
View Real Time Build Order
Export as new Build Order

Paco Terran - Winner!

Build Orders: 1/1/1, Cyclone Opening 

Get SALT Encoding   

  12  0:01  SCV  
  13  0:13  SCV  
  14  0:21  Supply Depot  
  14  0:25  SCV  
  15  0:43  SCV  
  15  0:45  Barracks  
  15  0:48  Refinery  
  16  0:55  SCV  
  17  0:58  Refinery  
  17  1:07  SCV  
  18  1:19  SCV  
  19  1:32  Marine, Orbital Command  
  19  1:39  Factory  
  20  1:50  Supply Depot, Marine  
  21  1:57  SCV  
  22  2:08  Marine  
  23  2:11  SCV  
  24  2:23  Factory Tech Lab, SCV  
  24  2:24  Starport  
  24  2:26  Marine  
  26  2:32  Supply Depot  
  26  2:42  SCV, Cyclone  
  26  2:43  Marine  
  31  2:54  SCV  
  32  3:00  Medivac  
  32  3:01  Marine  
  35  3:06  SCV  
  35  3:09  Supply Depot  
  36  3:17  Siege Tank  
  39  3:30  Marine  
  39  3:32  Supply Depot  
  39  3:33  SCV  
  41  3:48  SCV  
  39  3:59  Command Center  
  39  4:01  Supply Depot  
  39  4:02  Barracks Reactor, Siege Tank  
  42  4:16  SCV  
  45  4:24  Engineering Bay  
Show
View Real Time Build Order
Export as new Build Order

xKawaiian Terran 

Build Orders: 1/1/1, Cyclone Opening 

Get SALT Encoding   

  12  0:01  SCV  
  13  0:13  SCV  
  14  0:17  Supply Depot  
  14  0:25  SCV  
  15  0:39  SCV  
  15  0:41  Barracks  
  16  0:48  Refinery  
  16  0:51  SCV  
  16  0:53  Refinery  
  17  1:03  SCV  
  18  1:15  SCV  
  19  1:29  Marine, Orbital Command  
  20  1:34  Factory  
  20  1:42  Supply Depot  
  20  1:47  Marine  
  21  1:55  SCV  
  22  2:06  Marine  
  22  2:07  SCV  
  24  2:19  SCV  
  25  2:22  Factory Tech Lab  
  25  2:23  Starport, Marine  
  26  2:31  SCV  
  26  2:34  Supply Depot  
  27  2:43  Cyclone  
  30  2:44  Marine  
  31  2:55  SCV  
  32  2:59  Medivac  
  32  3:04  Supply Depot  
  34  3:06  Marine  
  34  3:07  SCV  
  37  3:20  SCV, Liberator  
  37  3:24  Marine  
  37  3:25  Siege Tank  
  41  3:31  Supply Depot  
  41  3:32  SCV  
  45  3:42  Supply Depot, Marine  
  35  4:00  Marine  
  36  4:07  SCV  
  40  4:18  Command Center  
  40  4:19  SCV  
Tags
 
Add a new tag
Caveats
  • Supply blocks, unpowered buildings, or Contaminate may cause inaccurate times.
  • Supply counts are checked every 10 seconds.